 Dungeon Crawl Stone Soup version 0.31-a0-543-geaa9c7a2c0 (webtiles) character file.

Game seed: 10202254793276569769

107 Ethylacetat the Ducker (level 4, 0/31 HPs)
             Began as an Octopode Gladiator on Aug 15, 2023.
             Slain by a lemure (9 damage)
             ... led by Pikel
             ... on level 4 of the Dungeon.
             The game lasted 00:02:04 (1964 turns).

Ethylacetat the Ducker (Octopode Gladiator)         Turns: 1964, Time: 00:02:04

Health: 0/31       AC:  1    Str: 13    XL:     4   Next: 85%
Magic:  4/4        EV: 14    Int: 10    God:
Gold:   183        SH:  0    Dex: 15    Spells: 3/3 levels left

rFire   . . .        g - +1 short sword (drain)
rCold   . . .        (no shield)
rNeg    . . .        a - +0 hat
rPois   .            (no amulet)
rElec   .            (no ring)
rCorr   .            (no ring)
SInv    .            (no ring)
Will    .....        (no ring)
Stlth   ++           (no ring)
HPRegen 0.25/turn    (no ring)
MPRegen 0.09/turn    (no ring)
                     (no ring)

%: no passive effects
@: no status effects
A: almost no armour, amphibious, 8 rings, camouflage 1, gelatinous body 1,
(nimble swimmer 1), tentacles
a: no special abilities


You were on level 4 of the Dungeon.
You visited 1 branch of the dungeon, and saw 4 of its levels.

You collected 183 gold pieces.

Inventory:

Hand Weapons
 g - a +1 short sword of draining (weapon)
Missiles
 b - 4 throwing nets (quivered)
 c - a javelin
Armour
 a - a +0 hat (worn)
Wands
 l - a wand of iceblast (7)
Scrolls
 d - a scroll of blinking {unknown}
 e - a scroll of identify {unknown}
 j - a scroll of revelation {unknown}
 k - a scroll of teleportation {unknown}
Potions
 f - a potion of degeneration {unknown}
 h - a potion of ambrosia {unknown}
 i - 2 potions of curing {unknown}


   Skills:
 + Level 3.2 Fighting
 - Level 2.0 Throwing
 + Level 3.9 Dodging
 + Level 3.9 Unarmed Combat


You had 3 spell levels left.
You didn't know any spells.
Your spell library contained the following spells:

 Spells                   Type           Power      Damage    Failure   Level
 Sting                    Tmut/Pois      0%         1d3       36%         1
 Olgreb's Toxic Radiance  Pois           0%         N/A       98%         4
 Silence                  Hex/Air        0%         N/A       100%        5


Dungeon Overview and Level Annotations

Branches:
Dungeon (4/15)
 Temple: D:4-7

Altars:

Shops:
D:2 [[(!

Annotations:
D:4 Pikel


Innate Abilities, Weirdness & Mutations

You cannot wear most types of armour.
You are amphibious.
You can wear up to eight rings at the same time.
Your skin changes colour to match your surroundings (Stealth+).
Your rubbery body absorbs attacks. (AC +1, EV +1)
((You are camouflaged when in or above water. (Stealth+)))
You have tentacles for arms and can constrict up to eight enemies at once.


Message History

You see here 11 gold pieces.
There are monsters nearby!
A lemure comes into view. x2
You see here 12 gold pieces.
There are monsters nearby!
A giant cockroach comes into view.
The lemure hits you.
There are monsters nearby!
Pikel shouts!
The lemure shouts!
You hit the lemure. Your grab misses the lemure.
The lemure is lightly wounded.
The lemure closely misses you. The lemure barely misses you.
There are monsters nearby!
You completely miss the lemure. You grab the lemure.
The lemure is lightly wounded.
You constrict the lemure. The lemure hits you! The lemure barely misses you.
There are monsters nearby!
You hit the lemure. You squeeze the lemure!
The lemure is heavily wounded.
You constrict the lemure. The lemure hits you!
There are monsters nearby!
You are too injured to fight recklessly!
There are monsters nearby!
You are too injured to fight recklessly!
There are monsters nearby!
You are too injured to fight recklessly!
There are monsters nearby!
You are too injured to fight recklessly!
There are monsters nearby!
You are too injured to fight recklessly!
You are too injured to fight recklessly!
You are too injured to fight recklessly!
You release your grip on the lemure.
A dart slug comes into view.
The lemure attacks as you move away! The lemure hits you.
* * * LOW HITPOINT WARNING * * *
Pikel says, "You'll feel the lick of my whip!"
The lemure barely misses you. The lemure attacks as you move away!
The lemure hits you!
You die...

....... .....###
....#.. #...#.##
#.5K#.. #...#.#
##..
#####..B#w#.....
......555.......
.......$@######.#
................#
##..........####
#.####.#<#.#
#.#......#.# #
#.#..#.# #
#......# #.##.#.#
... ..#.#


You could see Pikel, 4 lemures, a dart slug (wandering) and a giant cockroach.

Vanquished Creatures
  Terence (D:3)
  2 adders
  A worm (D:2)
  An orc (D:3)
  8 bats
  3 endoplasms
  4 giant cockroaches
  4 goblins
  8 hobgoblins
  7 kobolds
  2 quokkas
  4 ball pythons
  5 frilled lizards
  6 rats
56 creatures vanquished.

Notes
Turn   | Place    | Note
-------+----------+-------------------------------------------
     0 | D:1      | Ethylacetat the Octopode Gladiator began the quest for the
                  | Orb.
     0 | D:1      | Reached XP level 1. HP: 14/14 MP: 1/1
    81 | D:1      | Reached XP level 2. HP: 19/19 MP: 2/2
   214 | D:1      | You fall into a shaft and drop 1 floor!
   227 | D:2      | Found Kienu's Antique Armour Shoppe.
   242 | D:2      | Found Extock's Antique Armour Shoppe.
   457 | D:1      | Reached XP level 3. HP: 18/25 MP: 3/3
   995 | D:2      | Found Joatot's Distillery.
  1213 | D:2      | Reached XP level 4. HP: 30/30 MP: 4/4
  1286 | D:2      | Found Zybramudu's Weapon Shop.
  1497 | D:3      | Noticed Terence
  1507 | D:3      | Killed Terence
  1865 | D:3      | Got Wuebb's Almanac of the Vitriolic Sphinx
  1954 | D:4      | Noticed a lemure
  1955 | D:4      | Noticed a lemure
  1956 | D:4      | Noticed Pikel
  1957 | D:4      | Noticed a lemure
  1957 | D:4      | Noticed a lemure
  1964 | D:4      | Slain by a lemure

Illustrated notes

Levels and vault maps discovered:
D:1:      mushboom_english_gardens, layout_basic, minmay_ruptured
D:2:      layout_basic, serial_shops, shop, nicolae_shop_crystal,
          nicolae_shop_rolling_square, shop
D:3:      layout_rooms, uniq_terence
D:4:      layout_basic, uniq_crazy_yiuf_cottage, uniq_pikel

Skill      XL: |  1  2  3  4 |
---------------+-------------+-----
Fighting       | 3 |  3.2
Throwing       | |  2.0
Dodging        | |  3.9
Unarmed Combat | |  3.9

Action                     |  1- 3 |  4- 6 || total
---------------------------+-------+-------++-------
  Melee: Unarmed           |    70 |       ||    70
         Constrict         |    21 |     9 ||    30
         Punch             |     2 |     1 ||     3
         Tentacles         |    13 |     8 ||    21
         Short sword       |       |    30 ||    30
   Stab: Sleeping          |     8 |     2 ||    10
         Distracted        |     1 |       ||     1
 Armour: Skin              |     1 |     3 ||     4
  Dodge: Dodged            |    33 |    25 ||    58

Table legend: (Time is in decaauts)
 A = Elapsed time spent in this place.
 B = Non-inter-level travel time spent in this place.
 C = Inter-level travel time spent in this place.
 D = Time resting spent in this place.
 E = Time spent auto-exploring this place.
 F = Levels seen in this place.
 G = Mean time per level.
                   A        B        C        D        E       F      G
               +--------+--------+--------+--------+--------+-----+--------+
         Total |   1958 |   1896 |     62 |      0 |   1568 |   4 |  489.5 |
       Dungeon |   1958 |   1896 |     62 |      0 |   1568 |   4 |  489.5 |
               +--------+--------+--------+--------+--------+-----+--------+

Top non-repeatable levels by time:
     D:1: 934 daAuts
     D:2: 518 daAuts
     D:3: 495 daAuts
     D:4: 10 daAuts
